 Dungeon Crawl Stone Soup version 0.19.1-1-g22dce08 (webtiles) character file.

228 Faustar the Slasher (level 6, -2/47 HPs)
             Began as a Formicid Abyssal Knight on Dec 31, 2016.
             Was a Priest of Lugonu.
             Slain by an orc
             ... wielding a +0 flail
              (7 damage)
             ... on level 4 of the Dungeon.
             The game lasted 00:04:05 (3410 turns).

Faustar the Slasher (Formicid Abyssal Knight)       Turns: 3410, Time: 00:04:06

Health: -2/47      AC:  3    Str: 19    XL:     6   Next: 22%
Magic:  7/7        EV: 11    Int: 11    God:    Lugonu [***...]
Gold:   117        SH:  0    Dex: 10    Spells: 0 memorised, 5 levels left

rFire  . . .     SeeInvis +     a - +1 falchion
rCold  . . .     Gourm    .     b - +0 leather armour
rNeg   . . .     Faith    .     (no shield)
rPois  .         Spirit   .     (helmet unavailable)
rElec  .         Reflect  .     (no cloak)
rCorr  .         Harm     .     (no gloves)
MR     .....                    (no boots)
Stlth  +.........               (no amulet)
                                (no ring)
                                (no ring)

@: no status effects
A: permanent stasis, dig shafts and tunnels, four strong arms, antennae 3
a: Dig, Shaft Self, Depart the Abyss, Bend Space, Banish, Renounce Religion


You were on level 4 of the Dungeon.
You worshipped Lugonu.
Lugonu was most pleased with you.
You were very hungry.

You visited 1 branch of the dungeon, and saw 4 of its levels.
You visited the Abyss 1 time.

You collected 117 gold pieces.

Inventory:

Hand Weapons
 a - a +1 falchion (weapon)
Armour
 b - a +0 leather armour (worn)
 p - a +0 chain mail
Jewellery
 i - a cursed -3 ring of intelligence {unknown}
 l - an uncursed ring of positive energy {unknown}
 v - an uncursed amulet of rage {unknown}
Scrolls
 d - 4 scrolls of identify {unknown}
 e - 3 scrolls of remove curse {unknown}
 k - a scroll of fear {unknown}
 q - 2 scrolls of recharging {unknown}
 u - a scroll of immolation {unknown}
Potions
 h - a potion of resistance
 n - a potion of invisibility {unknown}
 o - a potion of curing {unknown}
 r - a potion of might {unknown}
 s - 3 potions of cancellation {unknown}
 w - a potion of cure mutation {unknown}
Comestibles
 c - 6 bread rations
 f - 4 beef jerkies
 g - a slice of pizza
 j - 5 fruits
 m - 3 meat rations


   Skills:
 - Level 3.2 Fighting
 + Level 6.0 Long Blades
 - Level 2.1 Armour
 - Level 0.8 Dodging
 - Level 2.1 Invocations


You had 5 spell levels left.
You didn't know any spells.

Dungeon Overview and Level Annotations

Branches:
Dungeon (4/15)
 Temple: D:4-7

Altars:
Okawaru
Qazlal
Ru

Annotations:
D:4 Sigmund


Innate Abilities, Weirdness & Mutations

You are under a permanent stasis effect.
You can dig through walls and to a lower floor.
Your four strong arms can wield two-handed weapons with a shield.
You have a pair of large antennae on your head. (SInv)


Message History

You barely miss the orc wizard.
The orc wizard is heavily wounded.
The orc wizard hits you but does no damage.
You hit the orc wizard but do no damage.
The orc wizard is heavily wounded.
The orc hits you with a flail.
The orc wizard hits you but does no damage.
You miss the orc wizard.
The orc wizard is heavily wounded.
The orc hits you with a flail. The orc wizard closely misses you.
You hit the orc wizard but do no damage.
The orc wizard is heavily wounded.
The orc hits you with a flail.
The orc wizard points at you and mumbles some strange words.
The magic dart hits you!
* * * LOW HITPOINT WARNING * * *
You hit the orc.
The orc is heavily wounded.
The orc hits you with a flail!
You die...

#.# #.# #.# #+# #.#
#.# #<# #.# #.###.##
## #.##.##.##...###.##
# #.............#.#o#
.##
##########.....)@#o#.o
##.#.##o##.####.#
#..###..)o.....#
#.#.#####.######
####.# ## ##


You could see an orc wizard and an orc.

Vanquished Creatures
  A scorpion (D:4)
  An orc priest (D:3)
  An orc wizard (D:4)
  3 adders
  2 oozes
  A worm (D:2)
  4 dart slugs
  5 orcs
  6 bats
  4 giant cockroaches
  13 goblins
  11 hobgoblins
  3 jackals (D:1)
  A quokka (D:3)
  3 ball pythons
  7 frilled lizards
  2 kobolds
  9 rats
77 creatures vanquished.

Notes
Turn   | Place    | Note
-------+----------+-------------------------------------------
     0 | Abyss:1  | Faustar the Formicid Abyssal Knight began the quest for the Orb.
     0 | Abyss:1  | Reached XP level 1. HP: 18/18 MP: 2/2
     8 | D:1      | Escaped the Abyss
   109 | D:1      | Reached XP level 2. HP: 7/24 MP: 3/3
   463 | D:1      | Reached skill level 3 in Long Blades
   538 | D:1      | Reached XP level 3. HP: 29/29 MP: 4/4
  1389 | D:2      | Found a stormy altar of Qazlal.
  1410 | D:2      | Reached ** piety under Lugonu
  1476 | D:2      | Reached skill level 4 in Long Blades
  1476 | D:2      | Reached XP level 4. HP: 20/35 MP: 5/5
  2291 | D:3      | Reached XP level 5. HP: 27/41 MP: 6/6
  2295 | D:3      | Reached skill level 5 in Long Blades
  3077 | D:3      | Found an iron altar of Okawaru.
  3077 | D:3      | Found a sacrificial altar of Ru.
  3120 | D:3      | Reached *** piety under Lugonu
  3172 | D:4      | Noticed Sigmund
  3193 | D:4      | Reached XP level 6. HP: 25/47 MP: 7/7
  3402 | D:4      | Reached skill level 6 in Long Blades
  3410 | D:4      | Slain by an orc

Skill      XL: |  1  2  3  4  5  6 |
---------------+-------------------+-----
Long Blades    | 3 4 5 6 |  6.0
Fighting       | |  3.2
Armour         | |  2.1
Dodging        | |  0.8
Invocations    | |  2.1

Action                   |  1- 3 |  4- 6 || total
-------------------------+-------+-------++-------
Melee: Falchion          |    89 |   142 ||   231
 Stab: Distracted        |       |     1 ||     1
  Eat: Chunk             |     1 |     6 ||     7
Armor: Leather armour    |    23 |    34 ||    57
Dodge: Dodged            |    48 |    69 ||   117
       Rpst.: Falchion   |    18 |    18 ||    36
